 Dungeon Sprint DCSS version 0.29-a0-1006-g0dd7720b37 (webtiles) character file.

Game seed: 1036366590872624826

2088 Conn the Arsonist (level 9, -6/53 HPs)
             Began as an Octopode Fire Elementalist on Aug 6, 2022.
             Was an Initiate of Sif Muna.
             Mangled by a tentacle (14 damage)
             ... attached to a kraken
             ... in the Dungeon (Sprint II: "The Violet Keep of Menkaure").
             The game lasted 00:07:23 (696 turns).

Conn the Arsonist (Octopode Fire Elementalist)       Turns: 696, Time: 00:07:23

Health: -6/53      AC:  1    Str:  8    XL:     9   Next: 27%
Magic:  15/23      EV: 15    Int: 21    God:    Sif Muna [......]
Gold:   995        SH:  0    Dex: 12    Spells: 15/28 levels left

rFire   . . .      SeeInvis .   (no weapon)
rCold   . . .      Faith    .   (no shield)
rNeg    . . .      Spirit   .   (helmet restricted)
rPois   .          Reflect  .   (no amulet)
rElec   .          Harm     .   n - ring of willpower
rCorr   .          Rampage  .   (no ring)
Will    +....      NoTele   +   (no ring)
Stlth   +++++.....              (no ring)
HPRegen 0.17/turn               (no ring)
MPRegen 0.18/turn               (no ring)
                                (no ring)
                                (no ring)

@: no status effects
A: almost no armour, amphibious, 8 rings, camouflage 1, gelatinous body 1,
(nimble swimmer 1), tentacles
a: Renounce Religion


You were in the Dungeon.
You worshipped Sif Muna.
Sif Muna was noncommittal.
You visited 1 branch You collected 995 gold pieces.

Inventory:

Hand Weapons
 b - a +1 arbalest of flaming
Magical Staves
 k - a staff of air
 s - a staff of earth
Jewellery
 n - a ring of willpower (left tentacle)
Scrolls
 f - a scroll of blinking
 j - 4 scrolls of identify {unknown}
 l - 3 scrolls of immolation {unknown}
 o - a scroll of magic mapping {unknown}
 q - a scroll of fog {unknown}
 r - a scroll of enchant weapon {unknown}
Potions
 a - 4 potions of magic
 c - 5 potions of heal wounds
 d - a potion of curing
 e - a potion of might {unknown}
 g - a potion of brilliance {unknown}
 h - 3 potions of resistance {unknown}
 i - a potion of lignification {unknown}
 m - 3 potions of flight {unknown}
 p - a potion of mutation {unknown}


   Skills:
 + Level 1.2 Fighting
 + Level 6.3 Dodging
 + Level 9.2 Stealth
 + Level 10.1 Spellcasting
 * Level 7.2 Conjurations
 + Level 13.7 Fire Magic


You had 15 spell levels left.
You knew the following spells:

 Your Spells              Type           Power      Damage    Failure   Level
a - Foxfire               Conj/Fire      100%       2x1d9     1%          1
b - Conjure Flame         Conj/Fire      53%        6-21      1%          3
c - Inner Flame           Hex/Fire       39%        N/A       1%          3
d - Flame Wave            Conj/Fire      53%        2d13      1%          4
e - Scorch                Fire           100%       2d10      1%          2

Your spell library contained the following spells:

 Spells                   Type           Power      Damage    Failure   Level
 Freeze                   Ice            40%        1d6       6%          1
 Hailstorm                Conj/Ice       25%        3d7       14%         4
 Frozen Ramparts          Ice            20%        1d4       19%         3


Dungeon Overview and Level Annotations

Branches:
Dungeon (1/1)

Altars:
Cheibriados
Dithmenos
Elyvilon
Fedhas
Gozag
Hepliaklqana
Kikubaaqudgha
Makhleb
Nemelex Xobeh
Okawaru
Qazlal
Ru
Sif Muna
Trog
Uskayaw
Vehumet
Wu Jian
Xom
Yredelemnul
Zin
The Shining One
Jiyva
Lugonu

Shops:
D =:=[!(=?[[


Innate Abilities, Weirdness & Mutations

You cannot wear most types of armour.
You are amphibious.
You can wear up to eight rings at the same time.
Your skin changes colour to match your surroundings (Stealth+).
Your rubbery body absorbs attacks. (AC +1, EV +1)
((You are camouflaged when in or above water. (Stealth+)))
You have tentacles for arms and can constrict up to eight enemies at once.


Message History

Confirm with . or Enter, or press ? or * to list all spells.
You can't see any susceptible monsters within range! (Use Z to cast anyway.)
You see here a +0 glaive.
Casting: Flame Wave (dangerous; 1% risk of failure)
Confirm with . or Enter, or press ? or * to list all spells.
Aiming: Inner Flame (safe; 1% risk of failure)
Press: ? - help, Dir - move target, f - kraken
Aim: a kraken (steam, water, chance to affect: 62%)
The kraken is filled with an intense inner flame!
Tentacles burst out of the water!
A tentacle comes into view.
Unknown command.
Casting: Inner Flame (safe; 1% risk of failure)
Confirm with . or Enter, or press ? or * to list all spells.
Okay, then.
Unknown command.
Unknown command.
Casting: Inner Flame (safe; 1% risk of failure)
Confirm with . or Enter, or press ? or * to list all spells.
Okay, then.
Unknown command.
Unknown command.
Unknown command.
The tentacle slaps you!!
Ouch! That really hurt!
The tentacle is engulfed in a cloud of scalding steam.
Flame seeps out of the kraken.
The tentacle is engulfed in a cloud of scalding steam.
Flame seeps out of the kraken.
The tentacle completely misses you. The tentacle slaps you!
* * * LOW HITPOINT WARNING * * *
The tentacle slaps you.
* * * LOW HITPOINT WARNING * * *
The tentacle is engulfed in a cloud of scalding steam.
Flame seeps out of the kraken.
You see here 7 stones.
Flame seeps out of the kraken.
The kraken is engulfed in blazing flames.
Flame seeps out of the kraken.
The tentacle slaps you!
You die...

..▓ ▓▓+▓▓▓▓.▓ +.○.▓0..▓
#...▓▓▓▓▓▓▓▓▓▓
#.○.▓§§≈≈≈§≈≈▓▓
#}:▓▓▓▓▓▓▓▓▓▓▓
#°)▓(()...).▓▓
#))▓)..[[...▓▓
+.####==▓(..)..@.▓▓
^..####▓...[.w.(▓▓
#..##.#▓..(./).[▓▓
+^.#..#▓(..<)...▓▓
#..#..#▓[...\[.(▓▓
###..##.#▓.)..[\)[▓▓
.###...##▓▓▓▓▓▓▓\▓▓▓▓+▓
...~~~†~~~~~~~~~.\wX≈≈▓
.§.~#†########+###Vww≈▓


You could see a kraken (inner flame) and 2 tentacles.

Vanquished Creatures
  A yaktaur (D)
  A hornet (D)
  3 polar bears (D)
  2 wyverns (D)
  Menkaure (D)
  A water moccasin (D)
  4 scorpions (D)
  4 necrophages (D)
17 creatures vanquished.

Vanquished Creatures (others)
  13 foxfires (D)
13 creatures vanquished.

Grand Total: 30 creatures vanquished

Notes
Turn   | Place    | Note
-------+----------+-------------------------------------------
     0 | D        | Conn the Octopode Fire Elementalist began the quest for the
                  | Orb.
     0 | D        | Reached XP level 1. HP: 11/11 MP: 3/3
     5 | D        | Noticed a wyvern
     5 | D        | Noticed a wyvern
    13 | D        | Killed a wyvern
    14 | D        | Reached skill level 5 in Stealth
    14 | D        | Reached skill level 8 in Fire Magic
    14 | D        | Reached XP level 2. HP: 17/17 MP: 0/7
    14 | D        | Reached XP level 3. HP: 21/21 MP: 0/8
    14 | D        | Reached XP level 4. HP: 27/27 MP: 0/10
    14 | D        | Reached XP level 5. HP: 31/31 MP: 0/11
    39 | D        | Learned a level 2 spell: Scorch
    43 | D        | Learned a level 3 spell: Conjure Flame
    47 | D        | Learned a level 3 spell: Inner Flame
    98 | D        | Killed a wyvern
    99 | D        | Reached skill level 5 in Spellcasting
    99 | D        | Reached skill level 9 in Fire Magic
    99 | D        | Reached XP level 6. HP: 36/36 MP: 7/14
   110 | D        | Noticed a flying skull
   110 | D        | Noticed a flying skull
   110 | D        | Noticed a flying skull
   111 | D        | Noticed a flying skull
   111 | D        | Noticed a flying skull
   111 | D        | Noticed a flying skull
   111 | D        | Noticed a flying skull
   111 | D        | Noticed a flying skull
   111 | D        | Noticed a flying skull
   111 | D        | Noticed a flying skull
   111 | D        | Noticed a flying skull
   112 | D        | Noticed a flying skull
   115 | D        | Found Cafimn's Magic Scroll Shop.
   116 | D        | Found Peos's Distillery.
   116 | D        | Found Issanexu's Antique Weapon Boutique.
   117 | D        | Found Mumam's Antique Armour Boutique.
   117 | D        | Found Hualliys's Antique Armour Shop.
   117 | D        | Found Ylay's Jewellery Shop.
   118 | D        | Found Coec's Book Shop.
   118 | D        | Found Agosoc's Jewellery Boutique.
   118 | D        | Found Wetsubi's Antique Armour Boutique.
   118 | D        | Noticed a hell hog
   124 | D        | Learned a level 4 spell: Flame Wave
   124 | D        | Found Uhayll's Jewellery Boutique.
   126 | D        | Noticed Menkaure
   127 | D        | Noticed a yak
   128 | D        | Noticed a yak
   132 | D        | Killed Menkaure
   133 | D        | Reached skill level 5 in Dodging
   133 | D        | Reached skill level 10 in Fire Magic
   164 | D        | Reached XP level 7. HP: 41/41 MP: 4/16
   167 | D        | Reached skill level 11 in Fire Magic
   507 | D        | Reached skill level 5 in Conjurations
   507 | D        | Reached skill level 12 in Fire Magic
   508 | D        | Reached XP level 8. HP: 41/46 MP: 7/20
   521 | D        | Found a blossoming altar of Fedhas.
   522 | D        | Found a white marble altar of Elyvilon.
   522 | D        | Found an opulent altar of Gozag.
   522 | D        | Found a burning altar of Makhleb.
   523 | D        | Found a shadowy altar of Dithmenos.
   523 | D        | Found a corrupted altar of Lugonu.
   524 | D        | Found a snail-covered altar of Cheibriados.
   524 | D        | Found an ancient bone altar of Kikubaaqudgha.
   524 | D        | Found a bloodstained altar of Trog.
   525 | D        | Found a viscous altar of Jiyva.
   525 | D        | Found a shimmering blue altar of Sif Muna.
   526 | D        | Found a hazy altar of Hepliaklqana.
   526 | D        | Found a sacrificial altar of Ru.
   527 | D        | Found a shimmering altar of Xom.
   528 | D        | Found a stormy altar of Qazlal.
   528 | D        | Found an ornate altar of the Wu Jian Council.
   528 | D        | Found a sparkling altar of Nemelex Xobeh.
   528 | D        | Found a hide-covered altar of Uskayaw.
   528 | D        | Found a basalt altar of Yredelemnul.
   528 | D        | Found a glowing golden altar of the Shining One.
   528 | D        | Noticed a hornet
   528 | D        | Noticed a polar bear
   528 | D        | Noticed a polar bear
   529 | D        | Noticed a polar bear
   529 | D        | Noticed a yaktaur
   530 | D        | Found a radiant altar of Vehumet.
   530 | D        | Found an iron altar of Okawaru.
   530 | D        | Found a glowing silver altar of Zin.
   536 | D        | Killed a polar bear
   536 | D        | Killed a polar bear
   536 | D        | Killed a polar bear
   537 | D        | Reached skill level 1 in Fighting
   537 | D        | Reached skill level 13 in Fire Magic
   538 | D        | Killed a hornet
   539 | D        | Reached XP level 9. HP: 43/53 MP: 13/22
   540 | D        | Killed a yaktaur
   541 | D        | Reached skill level 10 in Spellcasting
   544 | D        | Became a worshipper of Sif Muna the Loreminder
   568 | D        | Noticed a kraken
   696 | D        | Mangled by a tentacle

Illustrated notes

Levels and vault maps discovered:
D:        the_violet_keep_of_menkaure [sprint2_stairs_cluster_1,
          sprint2_shoproom, sprint2_temple, sprint2_basic_supplies,
          sprint2_obstacle_1, sprint2_obstacle_6, sprint2_obstacle_7,
          sprint2_obstacle_4, sprint2_obstacle_3, sprint2_timed_cluster_1,
          sprint2_smallroom_cluster_1, sprint2_smallroom_final_cluster_1,
          sprint2_transparent_cluster_1, sprint2_second_timed_cluster_1,
          sprint2_sniper_area_1, sprint2_heavy_combat_area_1,
          sprint2_mutation_trap_area_1, sprint2_forest_area_1,
          sprint2_light_combat_area_1, sprint2_behind_water_1,
          sprint2_near_end_vault_1]

Skill      XL: |  1  2  3  4  5  6  7  8  9 |
---------------+----------------------------+-----
Dodging        | 4 5 6 |  6.3
Stealth        | 5 6 8 9 |  9.2
Spellcasting   | 4 5 6 8 9 10 | 10.1
Fire Magic     | 8 9 10 12 13 | 13.7
Conjurations   | 3 5 6 7 |  7.2
Fighting       | 1 |  1.2

Action                   |  1- 3 |  4- 6 |  7- 9 || total
-------------------------+-------+-------+-------++-------
Melee: Unarmed           |     1 |       |       ||     1
       Tentacles         |     1 |       |       ||     1
 Cast: Foxfire           |     3 |     3 |     2 ||     8
       Scorch            |       |     5 |     8 ||    13
       Conjure Flame     |       |     1 |       ||     1
       Flame Wave        |       |       |     4 ||     4
       Inner Flame       |       |       |     3 ||     3
  Use: Potion            |     1 |       |     3 ||     4
Armor: Skin              |       |       |     1 ||     1
Dodge: Dodged            |     2 |       |     7 ||     9

Table legend: (Time is in decaauts)
 A = Elapsed time spent in this place.
 B = Non-inter-level travel time spent in this place.
 C = Inter-level travel time spent in this place.
 D = Time resting spent in this place.
 E = Time spent auto-exploring this place.
 F = Levels seen in this place.
 G = Mean time per level.
                   A        B        C        D        E       F      G
               +--------+--------+--------+--------+--------+-----+--------+
         Total |    683 |    683 |      0 |    382 |      0 |   1 |  683.0 |
       Dungeon |    683 |    683 |      0 |    382 |      0 |   1 |  683.0 |
               +--------+--------+--------+--------+--------+-----+--------+

Top non-repeatable levels by time:
       D: 683 daAuts
